 Dungeon Crawl Stone Soup version 0.25-a0-356-g7c9d860b3b (webtiles) character file.

Game seed: 2510179713655199735, levelgen mode: deterministic

1917 night the Slicer (level 9, -4/84 HPs)
             Began as a Kobold Berserker on Jan 3, 2020.
             Was an Elder of Trog.
             Slain by an ice beast (8 damage)
             ... in the Ecumenical Temple.
             The game lasted 00:14:28 (4319 turns).

night the Slicer (Kobold Berserker)                 Turns: 4319, Time: 00:14:28

Health: -4/84      AC: 13    Str: 23    XL:     9   Next: 39%
Magic:  13/13      EV: 16    Int:  8    God:    Trog [****..]
Gold:   305        SH:  0    Dex: 14    Spells: 8/8 levels left

rFire    . . .     SeeInvis .   r - +2 dagger (venom)
rCold    . . .     Gourm    .   (shield restricted)
rNeg     . . .     Faith    .   i - +0 scale mail
rPois    .         Spirit   .   (no helmet)
rElec    .         Reflect  .   p - +2 cloak {+Inv}
rCorr    .         Harm     .   o - +2 pair of gloves
MR       .....                  F - +0 pair of boots
Stlth    ..........             (no amulet)
HPRegen  0.24/turn              (no ring)
MPRegen  0.13/turn              (no ring)

@: berserking (expiring), very quick
A: small, carnivore
a: Berserk, Trog's Hand, Brothers in Arms, Renounce Religion, Evoke Invisibility


You were in the Ecumenical Temple.
You worshipped Trog.
Trog was greatly pleased with you.
You were full.

You visited 2 branches of the dungeon, and saw 9 of its levels.

You collected 305 gold pieces.

Inventory:

Hand Weapons
 a - a +0 short sword
 r - a +2 dagger of venom (weapon)
Missiles
 f - 9 boomerangs (quivered)
 q - 29 bolts
 u - 22 poisoned darts
Armour
 i - a +0 scale mail (worn)
 o - a +2 pair of gloves (worn)
 p - a +2 cloak of invisibility (worn)
 F - a +0 pair of boots (worn)
Jewellery
 t - an uncursed ring of flight
 x - a +4 amulet of reflection {unknown}
 D - an uncursed ring of poison resistance {unknown}
Wands
 s - a wand of scattershot (11)
 v - a wand of flame (11)
 C - a wand of digging (5)
Scrolls
 d - a scroll of enchant weapon
 h - 3 scrolls of teleportation
 j - 5 scrolls of identify
 l - 2 scrolls of fear
 n - 2 scrolls of remove curse
Potions
 b - a potion of heal wounds
 e - a potion of ambrosia {unknown}
 g - a potion of curing
 k - a potion of degeneration {unknown}
 m - 2 potions of magic {unknown}
 w - 2 potions of brilliance {unknown}
 z - a potion of flight {unknown}
 A - a potion of haste {unknown}
 B - 2 potions of might {unknown}
Comestibles
 c - 13 rations


   Skills:
 + Level 6.8 Fighting
 * Level 10.2 Short Blades
 - Level 1.5 Armour
 + Level 6.9 Dodging
 + Level 5.4 Evocations


You had 8 spell levels left.
You didn't know any spells.
Your spell library was empty.

Dungeon Overview and Level Annotations

Branches:
Dungeon (8/15)             Temple (1/1) D:6
   Lair: D:8-11

Altars:
Dithmenos
Nemelex Xobeh
Qazlal
Sif Muna
Wu Jian
Yredelemnul

Shops:
D:8 =

Annotations:
D:6 1 transporter


Innate Abilities, Weirdness & Mutations

You are small and have problems with some larger weapons.
You are carnivorous and can eat meat at any time.


Message History

The ice beast barely misses you.
You barely miss the eight-headed hydra.
The eight-headed hydra is lightly wounded.
You puncture the eight-headed hydra!
The eight-headed hydra is poisoned.
The eight-headed hydra is moderately wounded.
You barely miss the eight-headed hydra.
The eight-headed hydra is moderately wounded.
The eight-headed hydra bites you!
* * * LOW HITPOINT WARNING * * *
The eight-headed hydra barely misses you.
The eight-headed hydra bites you but does no damage.
The eight-headed hydra bites you.
* * * LOW HITPOINT WARNING * * *
The eight-headed hydra barely misses you.
The eight-headed hydra completely misses you.
The eight-headed hydra bites you but does no damage. x2
The ice beast hits you.
* * * LOW HITPOINT WARNING * * *
The ice beast freezes you!
You die...

###+###
###.....###
##.........##
#.....Y)....#
#....D@.....#
#...........#
##.........##
###.....###
#######


You could see an eight-headed hydra and an ice beast.

Vanquished Creatures
  Grinder (D:3)
  A hippogriff (D:7)
  Sigmund (D:3)
  Duvessa (D:4)
  A black bear (D:7)
  3 ogres
  Dowan (D:4)
  A scorpion (D:4)
  3 killer bees
  A water moccasin skeleton (D:7)
  2 crimson imps
  2 hounds
  3 orc priests
  3 orc wizards
  Crazy Yiuf (D:2)
  Jessica (D:3)
  Ijyb (D:4)
  2 worker ants (D:7)
  2 hound skeletons
  6 adders
  A shadow imp (D:5)
  2 oozes (D:3)
  An adder skeleton (D:3)
  A worm (D:5)
  3 dart slugs
  2 leopard geckos (D:4)
  17 orcs
  2 ball pythons
  2 giant cockroaches
  9 goblins
  11 hobgoblins
  6 jackals
  9 kobolds
  2 quokkas
  3 bats
  4 frilled lizards
  A jackal skeleton (D:5)
  A leopard gecko skeleton (D:5)
  8 rats
  A fungus (D:2)
123 creatures vanquished.

Vanquished Creatures (collateral kills)
  2 killer bees (D:7)
  A worker ant (D:7)
3 creatures vanquished.

Grand Total: 126 creatures vanquished

Notes
Turn   | Place    | Note
-------+----------+-------------------------------------------
     0 | D:1      | night the Kobold Berserker began the quest for the Orb.
     0 | D:1      | Reached XP level 1. HP: 14/14 MP: 1/1
   224 | D:1      | Reached XP level 2. HP: 16/19 MP: 2/2
   514 | D:1      | Reached XP level 3. HP: 24/24 MP: 3/3
   825 | D:2      | Reached ** piety under Trog
   957 | D:2      | Reached XP level 4. HP: 29/29 MP: 4/4
  1255 | D:2      | Found a runed translucent door.
  1256 | D:2      | Noticed Crazy Yiuf
  1266 | D:2      | Killed Crazy Yiuf
  1266 | D:2      | Reached skill level 5 in Short Blades
  1493 | D:3      | Found a basalt altar of Yredelemnul.
  1578 | D:3      | Reached XP level 5. HP: 32/34 MP: 5/5
  1704 | D:3      | Reached skill level 1 in Evocations
  1767 | D:3      | Reached XP level 6. HP: 38/39 MP: 5/7
  1809 | D:3      | Noticed an ogre
  1821 | D:3      | Killed an ogre
  1821 | D:3      | Reached skill level 6 in Short Blades
  1990 | D:3      | Reached *** piety under Trog
  2054 | D:3      | Found an ornate altar of the Wu Jian Council.
  2106 | D:3      | Noticed Grinder
  2106 | D:3      | Noticed Jessica
  2118 | D:3      | Killed Jessica
  2118 | D:3      | Reached XP level 7. HP: 44/44 MP: 8/8
  2126 | D:3      | Killed Grinder
  2126 | D:3      | Reached skill level 5 in Fighting
  2126 | D:3      | Reached skill level 7 in Short Blades
  2126 | D:3      | Reached skill level 5 in Dodging
  2168 | D:3      | Noticed Sigmund
  2183 | D:3      | Killed Sigmund
  2183 | D:3      | Reached XP level 8. HP: 50/50 MP: 7/10
  2481 | D:3      | Found a shadowy altar of Dithmenos.
  2482 | D:3      | Found a shimmering blue altar of Sif Muna.
  2484 | D:3      | Found a stormy altar of Qazlal.
  2771 | D:4      | Noticed Dowan
  2772 | D:4      | Noticed Duvessa
  2803 | D:4      | Killed Duvessa
  2803 | D:4      | Reached skill level 8 in Short Blades
  2806 | D:4      | Killed Dowan
  3064 | D:4      | Noticed Ijyb
  3079 | D:4      | Killed Ijyb
  3296 | D:5      | Entered Level 5 of the Dungeon
  3296 | D:5      | Found a sparkling altar of Nemelex Xobeh.
  3342 | D:5      | Found a shadowy altar of Dithmenos.
  3590 | D:5      | Reached skill level 9 in Short Blades
  3749 | D:5      | You fall into a shaft and drop 3 floors!
  3775 | D:8      | Found Hyurphei's Jewellery Boutique.
  3920 | D:7      | Noticed a hippogriff
  3933 | D:7      | Killed a hippogriff
  3933 | D:7      | Reached XP level 9. HP: 56/56 MP: 12/12
  3954 | D:7      | Reached **** piety under Trog
  3954 | D:7      | Reached skill level 5 in Evocations
  3974 | D:7      | Reached skill level 10 in Short Blades
  4197 | D:6      | Found a staircase to the Ecumenical Temple.
  4217 | D:6      | Found a transporter.
  4254 | D:6      | Noticed an eight-headed hydra
  4258 | Temple   | Entered the Ecumenical Temple
  4319 | Temple   | HP: 4/84 [ice beast (1)]
  4319 | Temple   | Slain by an ice beast

Levels and vault maps discovered:
D:1:      roderic_crossed_star, layout_loops_ring, serial_bayou_pond_e
D:2:      layout_rooms, kennysheep_boxes, uniq_crazy_yiuf_cottage
D:3:      minmay_octagon_keep, layout_loops_ring, minitemple,
          lemuel_altar_in_water2, uniq_sigmund, uniq_grinder, uniq_jessica
D:4:      layout_rooms, minmay_misc_feat_four_crosses, uniq_duvessa, uniq_ijyb
D:5:      layout_loops_ring, first_ration, basic_altar, grunt_dithmenos_smoke
D:6:      layout_basic, minmay_temple_entry_statues_pillars,
          gammafunk_ghost_arena, basic_altar, enter_ossuary_5,
          minmay_misc_feat_encased
D:7:      cheibrodos_statue_roulette, layout_rooms, uniq_menkaure
D:8:      layout_loops_ring, serial_shops, shop, shop, shop, minmay_door_square,
          uniq_maurice, uniq_joseph, uniq_gastronok
Temple:   dpeg_five_rooms_temple

Skill      XL: |  1  2  3  4  5  6  7  8  9 |
---------------+----------------------------+-----
Dodging        | 3 4 5 6 |  6.9
Fighting       | 4 5 6 |  6.8
Short Blades   | 5 6 7 9 10 | 10.2
Evocations     | 1 2 3 4 5 |  5.4
Armour         | |  1.5

Action                   |  1- 3 |  4- 6 |  7- 9 || total
-------------------------+-------+-------+-------++-------
Melee: Short sword       |    86 |    85 |       ||   171
       Dagger            |       |    92 |   237 ||   329
Invok: Berserk           |     4 |     6 |    12 ||    22
       Trog's Hand       |       |       |     1 ||     1
       Brothers in Arms  |       |       |     1 ||     1
 Abil: Evoke Invisibilit |       |       |     1 ||     1
  Use: Scroll            |     5 |       |     5 ||    10
       Potion            |       |       |     1 ||     1
 Stab: Invisible         |       |       |     1 ||     1
  Eat: Chunk             |     8 |    12 |    18 ||    38
Armor: Animal skin       |     5 |       |       ||     5
       Scale mail        |    22 |    34 |    91 ||   147
Dodge: Dodged            |    46 |    59 |   184 ||   289

Table legend:
 A = Non-vault XP
 B = Vault XP
 C = Vault XP percentage of total XP
 D = Non-vault monster count
 E = Vault monster count
 F = Vault count percentage of total count
                 A         B        C        D         E       F
            +---------+---------+-------+---------+---------+-------
      Total |    1897 |     842 |  30.7 |     107 |      18 |  14.4
            +---------+---------+-------+---------+---------+-------
        D:1 |      36 |       0 |   0.0 |      21 |       0 |   0.0
        D:2 |      53 |      39 |  42.4 |      15 |       1 |   6.2
        D:3 |     361 |     548 |  60.3 |      31 |      14 |  31.1
        D:4 |     202 |     255 |  55.8 |       7 |       3 |  30.0
        D:5 |     274 |       0 |   0.0 |      11 |       0 |   0.0
        D:6 |      95 |       0 |   0.0 |       6 |       0 |   0.0
        D:7 |     767 |       0 |   0.0 |      13 |       0 |   0.0
        D:8 |      63 |       0 |   0.0 |       1 |       0 |   0.0
     Temple |      46 |       0 |   0.0 |       2 |       0 |   0.0
            +---------+---------+-------+---------+---------+-------
